 Dungeon Crawl Stone Soup version 0.31-a0-702-gf82c85558f (webtiles) character file.

Game seed: 5037715779321395734

63 qw the Shooter (level 4, -2/28 HPs)
             Began as a Gargoyle Hunter on Sept 8, 2023.
             Slain by Pargi (3 damage)
             ... in a sewer.
             The game lasted 00:00:39 (2558 turns).

qw the Shooter (Gargoyle Hunter)                    Turns: 2558, Time: 00:00:39

Health: -2/28      AC:  9    Str: 15    XL:     4   Next: 10%
Magic:  4/4        EV: 11    Int:  9    God:
Gold:   23         SH:  0    Dex: 21    Spells: 3/3 levels left

rFire   . . .        Y - +1 shortbow
rCold   . . .        (shield currently unavailable)
rNeg    + . .        g - +0 ring mail
rPois   inf          (no helmet)
rElec   +            b - +0 cloak
rCorr   .            (no gloves)
SInv    .            (no boots)
Will    .....        (no amulet)
Stlth   +            e - +6 ring of dexterity
HPRegen 0.24/turn    (no ring)
MPRegen 0.09/turn

%: no passive effects
@: about to teleport
A: sickness immunity, AC +3, negative energy resistance 1, electricity
resistance, torment resistance 1, petrification resistance
a: no special abilities


You were in a sewer.
You visited 1 branch of the dungeon, and saw 3 of its levels.
You also visited: Sewer.

You collected 113 gold pieces.
You spent 90 gold pieces at shops.


Innate Abilities, Weirdness & Mutations

You are immune to sickness and miasma.
Your stone body is resilient. (AC +3)
You are immune to poison.
You resist negative energy. (rN+)
You are resistant to electric shocks. (rElec)
You are resistant to unholy torment.
You are immune to petrification.


   Skills:
 - Level 3.0 Fighting
 + Level 5.0 Ranged Weapons
 - Level 1.2 Armour
 - Level 1.5 Dodging
 - Level 1.1 Stealth


You had 3 spell levels left.
You didn't know any spells.
Your spell library was empty.

Inventory:

Hand Weapons
 Y - a +1 shortbow (weapon)
Armour
 b - a +0 cloak (worn)
 g - a +0 ring mail (worn)
Jewellery
 e - a +6 ring of dexterity (left hand)
 i - a ring of ice
Scrolls
 c - a scroll of teleportation
Potions
 a - a potion of degeneration {unknown}
 d - 5 potions of curing
 f - a potion of might
 j - a potion of heal wounds {unknown}

Dungeon Overview and Level Annotations

Branches:
Dungeon (3/15)              Sewer (1/1)

Altars:
Dithmenos

Shops:
D:3 !

Annotations:
D:2 1 runed translucent door, Crazy Yiuf Sewer Pargi


Message History

You shoot an arrow. The arrow closely misses the bat.
The bat hits you but does no damage. The bat barely misses you.
You shoot an arrow. The arrow hits the bat!
You kill the bat!
You see here a bat corpse.
Pargi the Meek comes into view.
Pargi shouts!
You shoot an arrow. The arrow hits Pargi!
Pargi is moderately wounded.
Pargi hisses menacingly.
You shoot an arrow. The arrow hits Pargi.
Pargi is moderately wounded.
You shoot an arrow. The arrow hits Pargi!
Pargi is heavily wounded.
You shoot an arrow.
The arrow hits Pargi but does no damage.
Pargi is heavily wounded.
You shoot an arrow. The arrow hits Pargi.
Pargi is heavily wounded.
Pargi hisses menacingly.
Pargi bites you but does no damage. Pargi claws you.
Pargi claws you but does no damage. Pargi bites you. Pargi closely misses you.
Pargi claws you but does no damage.
You shoot an arrow. The arrow hits Pargi!
Pargi is almost dead.
Pargi bites you. Pargi closely misses you. Pargi claws you.
You shoot an arrow. The arrow hits Pargi.
Pargi is almost dead.
Pargi bites you but does no damage. Pargi claws you. x2
You shoot an arrow. The arrow barely misses Pargi.
Pargi bites you. Pargi claws you. Pargi barely misses you.
2557 ||| READING 2 scrolls of teleportation.
As you read the scroll of teleportation, it crumbles to dust.
You feel strangely unstable. Pargi bites you but does no damage.
Pargi claws you. Pargi claws you but does no damage.
You shoot an arrow. The arrow hits Pargi.
Pargi is almost dead.
Pargi bites you.
You die...

##...## ##.##
#.# #.# #.# #.#
#.# .
#######.####....
\......%@T!.....
############....
.


You could see Pargi.

Vanquished Creatures
  2 adders
  2 dart slugs (D:1)
  4 ball pythons
  3 endoplasms
  2 giant cockroaches
  3 goblins
  A hobgoblin (D:1)
  5 quokkas
  8 bats
  2 frilled lizards (D:1)
  5 kobolds
  3 rats
40 creatures vanquished.

Notes
Turn   | Place    | Note
-------+----------+-------------------------------------------
     0 | D:1      | qw the Gargoyle Hunter began the quest for the Orb.
     0 | D:1      | Reached XP level 1. HP: 12/12 MP: 1/1
     0 | D:1      | 0 ||| qw: Version: 0.3-a-76-g4403597
     0 | D:1      | 0 ||| qw: Game counter: 1145
     0 | D:1      | 0 ||| qw: Melee chars always use a shield: true
     0 | D:1      | 0 ||| qw: God list: Okawaru
     0 | D:1      | 0 ||| qw: Allow faded altars: false
     0 | D:1      | 0 ||| qw: Do Orc after clearing Dungeon:15 true
     0 | D:1      | 0 ||| qw: Do second Lair branch before Depths: true
     0 | D:1      | 0 ||| qw: Lair rune preference: random
     0 | D:1      | 0 ||| qw: Goals: Normal
     0 | D:1      | 0 ||| PLANNING D:1-11
    50 | D:1      | Reached XP level 2. HP: 15/17 MP: 2/2
   522 | D:1      | Reached XP level 3. HP: 21/21 MP: 3/3
   800 | D:1      | 800 ||| UPGRADING to +0 ring mail.
   810 | D:1      | 810 ||| DROPPING +0 leather armour.
   811 | D:1      | 811 ||| UPGRADING to +6 ring of dexterity.
   812 | D:1      | 812 ||| DROPPING ring of flight.
   813 | D:1      | 813 ||| READING scroll labelled LORPHOKEOQU.
   814 | D:1      | 814 ||| READING scroll labelled WOMIGA NAOMAA.
   819 | D:1      | 819 ||| DRINKING 2 amethyst potions.
   820 | D:1      | 820 ||| DROPPING scroll of butterflies.
  1341 | D:2      | Reached skill level 1 in Armour
  1370 | D:2      | Identified the +1 hammer "Gram" {pain, Fly Int+4}
  1374 | D:2      | Found a runed translucent door.
  1375 | D:2      | Noticed Crazy Yiuf
  1861 | D:2      | 1861 ||| UPGRADING to +0 cloak.
  1866 | D:2      | 1866 ||| DRINKING 2 black potions.
  1867 | D:2      | 1867 ||| DRINKING 2 murky white potions.
  1924 | D:2      | 1924 ||| DROPPING potion of lignification.
  1955 | D:3      | 1955 ||| PLANNING SEWER
  2079 | D:3      | Reached skill level 5 in Ranged Weapons
  2094 | D:3      | Found a shadowy altar of Dithmenos.
  2283 | D:3      | Reached XP level 4. HP: 27/27 MP: 4/4
  2324 | D:3      | Found Cinuviurgh's Distillery.
  2330 | D:3      | 2330 ||| BUYING 2 potions of curing (60 gold).
  2330 | D:3      | Bought 2 potions of curing for 60 gold pieces
  2330 | D:3      | 2330 ||| SHOPLISTING 2 potions of mutation (160 gold, have
                  | 43).
  2330 | D:3      | 2330 ||| BUYING potion of curing (30 gold).
  2330 | D:3      | Bought a potion of curing for 30 gold pieces
  2330 | D:3      | 2330 ||| SHOPLISTING potion of haste (100 gold, have 13).
  2330 | D:3      | 2330 ||| SHOPLISTING potion of heal wounds (50 gold, have
                  | 13).
  2330 | D:3      | 2330 ||| SHOPLISTING potion of mutation (80 gold, have 13).
  2511 | D:3      | Found a glowing drain.
  2512 | D:3      | 2512 ||| READING 4 scrolls labelled HUUJAVAFUM.
  2513 | D:3      | 2513 ||| READING scroll labelled MIL IMPIPSU.
  2514 | D:3      | 2514 ||| READING scroll labelled UCAHIAZIQE.
  2515 | D:3      | 2515 ||| DROPPING 3 scrolls of amnesia.
  2519 | Sewer    | Entered a sewer
  2544 | Sewer    | Reached skill level 3 in Fighting
  2548 | Sewer    | Noticed Pargi
  2556 | Sewer    | HP: 7/28 [Pargi (6)]
  2557 | Sewer    | 2557 ||| READING 2 scrolls of teleportation.
  2557 | Sewer    | HP: 1/28 [Pargi (3)]
  2558 | Sewer    | Slain by Pargi

Levels and vault maps discovered:
D:1:      dpeg_arrival_arbitrary_b, layout_basic, chequers_mini_garden,
          dreamdust_princess_bridge, chequers_serial_rivers_micro_d,
          nicolae_houndstooth_variations
D:2:      layout_basic, kennysheep_flooded_box, kennysheep_pointless_box,
          uniq_crazy_yiuf_cottage
D:3:      layout_loops_cross, grunt_dithmenos_smoke, serial_shops, shop,
          gup_sewer_entry_bowl
Sewer:    sewer_big_baddie

Skill      XL: |  1  2  3  4 |
---------------+-------------+-----
Armour         | 1 |  1.2
Ranged Weapons | 5 |  5.0
Fighting       | 3 |  3.0
Dodging        | |  1.5
Stealth        | |  1.1

Action                     |  1- 3 |  4- 6 || total
---------------------------+-------+-------++-------
   Fire: Shortbow          |   101 |    27 ||   128
    Use: Potion            |     3 |       ||     3
         Scroll            |     2 |     4 ||     6
 Armour: Leather armour    |    17 |       ||    17
         Ring mail         |     9 |    26 ||    35
  Dodge: Dodged            |    22 |    15 ||    37

Table legend:
 A = Non-vault XP
 B = Vault XP
 C = Vault XP percentage of total XP
 D = Non-vault monster count
 E = Vault monster count
 F = Vault count percentage of total count
                 A         B        C        D         E       F
            +---------+---------+-------+---------+---------+-------
      Total |      78 |      13 |  14.3 |      32 |       8 |  20.0
            +---------+---------+-------+---------+---------+-------
        D:1 |      34 |       0 |   0.0 |      19 |       0 |   0.0
        D:2 |      21 |       0 |   0.0 |       6 |       0 |   0.0
        D:3 |      23 |       7 |  23.3 |       7 |       4 |  36.4
      Sewer |       0 |       6 | 100.0 |       0 |       4 | 100.0
            +---------+---------+-------+---------+---------+-------
